 Dungeon Crawl Stone Soup version 0.26-a0-808-g930a2b7adc (webtiles) character file.

Game seed: 3029064312455927855

1811 ANON1729 the Sneak (level 8, -2/74 HPs)
             Began as a Deep Dwarf Wanderer on Nov 12, 2020.
             Was a Believer of the Shining One.
             Slain by a hornet (4 damage)
             ... while paralysed by a hornet
             ... on level 7 of the Dungeon.
             The game lasted 00:15:14 (5436 turns).

ANON1729 the Sneak (Deep Dwarf Wanderer)            Turns: 5436, Time: 00:15:15

Health: -2/74      AC:  5    Str: 20    XL:     8   Next: 84%
Magic:  7/7        EV:  2    Int: 12    God:    the Shining One [**....]
Gold:   204        SH:  0    Dex: 11    Spells: 13/13 levels left

rFire    . . .     SeeInvis .     - Unarmed
rCold    . . .     Faith    +   (no shield)
rNeg     + . .     Spirit   .   p - +0 leather armour
rPois    .         Reflect  .   (no helmet)
rElec    .         Harm     .   (no cloak)
rCorr    .         Rampage  .   h - +1 pair of gloves
MR       +....                  (no boots)
Stlth    +.........             e - amulet of faith
HPRegen  0.00/turn              (no ring)
MPRegen  0.10/turn              (no ring)

@: paralysed, lethally poisoned (-2 -> -7), non-regenerating, slowed, glowing
A: damage resistance, heal wounds, sense surroundings 1, no regeneration
a: Heal Wounds, Divine Shield, Renounce Religion


You were on level 7 of the Dungeon.
You worshipped the Shining One.
The Shining One was pleased with you.
You visited 2 branches of the dungeon, and saw 8 of its levels.

You collected 204 gold pieces.

Inventory:

Hand Weapons
 t - a +2 mace of protection
Armour
 h - a +1 pair of gloves (worn)
 p - a +0 leather armour (worn)
 y - the +2 leather armour of the Vanishing Ears {rElec rF+ rC- Str+3}
   (You took it off an orc wizard on level 5 of the Dungeon)

   It affects your strength (+3).
   It protects you from fire.
   It makes you vulnerable to cold.
   It insulates you from electricity.
 C - the +1 robe of the Lotus Blossom {Harm +Inv rC+++}
   (You found it on level 6 of the Dungeon)

   It renders you almost immune to cold.
   It lets you turn invisible.
   It increases damage dealt and taken.
Jewellery
 e - an amulet of faith (around neck)
Wands
 v - a wand of acid (2)
 x - a wand of polymorph (15)
 B - a wand of flame (19)
Scrolls
 f - 2 scrolls of enchant armour
 g - 6 scrolls of remove curse
 j - 2 scrolls of teleportation
 l - 2 scrolls of amnesia
 s - a scroll of blinking {unknown}
 u - a scroll of fear
 w - a scroll of enchant weapon
Potions
 b - a potion of haste
 c - 2 potions of lignification
 i - 2 potions of magic {unknown}
 m - a potion of mutation {unknown}
 n - a potion of berserk rage {unknown}
 o - 3 potions of curing {unknown}
 q - a potion of might {unknown}
 z - 2 potions of ambrosia {unknown}
 A - a potion of attraction {unknown}


   Skills:
 * Level 5.1 Fighting
   Level 0.1 Short Blades
 + Level 4.1 Armour
 + Level 4.0 Dodging
 + Level 6.3 Stealth
   Level 1.1 Shields
 * Level 5.5 Unarmed Combat
 * Level 3.3 Spellcasting
   Level 1.1 Translocations
   Level 1.7 Fire Magic


You had 13 spell levels left.
You didn't know any spells.
Your spell library was empty.

Dungeon Overview and Level Annotations

Branches:
Dungeon (7/15)             Temple (1/1) D:4

Altars:
Ashenzari
Cheibriados
Dithmenos
Elyvilon
Fedhas
Gozag
Hepliaklqana
Nemelex Xobeh
Okawaru
Qazlal
Ru
Sif Muna
Trog
Uskayaw
Wu Jian
Xom
Yredelemnul
Zin
The Shining One

Annotations:
D:1 Terence


Innate Abilities, Weirdness & Mutations

You are resistant to damage.
You can heal yourself by infusing magical energy.
You passively map a small area around you.
You do not regenerate.


Message History

Aim: a hornet (lightly wounded, haloed)
The bolt of acid hits the hornet.
The hornet is splashed with acid.
The acid corrodes the hornet!
The hornet is moderately wounded.
The hornet barely misses you. The hornet closely misses you.
A hornet is nearby!
Evoke which item? (* to show all) (? for menu, Esc to quit)
Aiming: Corrosive Bolt
Press: ? - help, Shift-Dir - straight line, f/p - hornet
Aim: a hornet (moderately wounded, covered in acid, haloed)
The bolt of acid hits the hornet!
The hornet is splashed with acid!
The hornet is almost dead.
You feel yourself speed up. The hornet stings you.
* * * LOW HITPOINT WARNING * * *
You are more poisoned.
You feel yourself slow down. The hornet stings you!
* * * LOW HITPOINT WARNING * * *
You suddenly lose the ability to move!
The hornet stings you.
You die...

#.# * , * #.#
#.# #.## ,#, ,
####..###.#..
*#............
* #>..# * * ,
, #.#.# , * ,
#@#.# * *
,*#y#.# .#* ,
, ..#.##.# , *
..##.##.# * *
#..*#.##.# *
#.. #.##.##.#
#..*#.##.##.#
, #..
#.##.##.#
#....##.#


You could see a hornet (corroded).

Vanquished Creatures
  Maggie (D:5)
  An orc warrior (D:5)
  An ice beast (D:6)
  A necrophage (D:5)
  2 centaurs
  An ogre (D:6)
  A bullfrog (D:7)
  A gnoll sergeant (D:5)
  A scorpion (D:5)
  A howler monkey (D:5)
  A hound (D:5)
  5 orc wizards
  A gnoll shaman (D:3)
  5 orc priests
  A centaur skeleton (D:5)
  Ijyb (D:4)
  3 worker ants
  A hound zombie (D:7)
  A worker ant zombie (D:5)
  13 gnolls
  5 adders
  An ufetubus (D:5)
  An adder zombie (D:6)
  3 worms (D:3)
  A dart slug (D:2)
  3 leopard geckos
  16 orcs
  8 bats
  6 giant cockroaches
  9 hobgoblins
  4 jackals (D:2)
  4 kobolds
  4 quokkas
  4 frilled lizards
  A giant cockroach zombie (D:5)
  5 goblins
  4 rats
122 creatures vanquished.

Notes
Turn   | Place    | Note
-------+----------+-------------------------------------------
     0 | D:1      | ANON1729 the Deep Dwarf Wanderer began the quest for the
                  | Orb.
     0 | D:1      | ANON1729 set off with the following items: a +2 dagger, a
                  | potion of haste, 2 potions of lignification, a +0 robe
     0 | D:1      | Reached XP level 1. HP: 18/18 MP: 1/1
   378 | D:1      | Reached XP level 2. HP: 20/25 MP: 2/2
   825 | D:2      | Noticed Terence
  1048 | D:2      | Reached skill level 4 in Stealth
  1169 | D:2      | Reached XP level 3. HP: 23/32 MP: 2/2
  1701 | D:3      | Reached skill level 1 in Armour
  1722 | D:3      | Reached skill level 1 in Dodging
  1722 | D:3      | Reached XP level 4. HP: 19/39 MP: 3/3
  2544 | D:4      | Found a staircase to the Ecumenical Temple.
  2566 | Temple   | Entered the Ecumenical Temple
  2809 | Temple   | Became a worshipper of the Shining One
  2857 | D:4      | Noticed an ogre
  2914 | D:3      | Reached XP level 5. HP: 15/46 MP: 3/3
  3103 | D:5      | Entered Level 5 of the Dungeon
  3103 | D:5      | Noticed Ijyb
  3316 | D:4      | Found an opulent altar of Gozag.
  3568 | D:4      | Reached XP level 6. HP: 35/56 MP: 4/4
  3687 | D:4      | Reached skill level 5 in Stealth
  3891 | D:4      | Reached * piety under the Shining One
  3962 | D:4      | Killed Ijyb
  3962 | D:4      | Reached XP level 7. HP: 45/62 MP: 2/4
  3991 | D:5      | Reached skill level 1 in Spellcasting
  4191 | D:5      | Identified the +2 leather armour of the Vanishing Ears
                  | {rElec rF+ rC- Str+3}
  4568 | D:6      | Reached ** piety under the Shining One
  4624 | D:6      | Noticed Maggie
  4690 | D:5      | Killed Maggie
  4690 | D:5      | Reached skill level 5 in Unarmed Combat
  4690 | D:5      | Reached XP level 8. HP: 9/73 MP: 6/6
  4864 | D:6      | Reached skill level 6 in Stealth
  5133 | D:6      | Got a ripped robe
  5144 | D:6      | Identified the +1 robe of the Lotus Blossom {Harm +Inv
                  | rC+++} (You found it on level 6 of the Dungeon)
  5405 | D:7      | Reached skill level 5 in Fighting
  5429 | D:7      | Noticed a hornet
  5432 | D:7      | Paralysed by a hornet for 2 turns
  5436 | D:7      | HP: 2/74 [hornet (9)]
  5436 | D:7      | Paralysed by a hornet for 2 turns
  5436 | D:7      | Slain by a hornet

Illustrated notes

Levels and vault maps discovered:
D:1:      eino_arrival_water_cross, layout_loops_corners
D:2:      layout_loops_ring, uniq_terence
D:3:      layout_loops_ring, grunt_decor_clamped
D:4:      layout_basic, lemuel_round_altar, minmay_temple_entry_junction
D:5:      layout_loops_cross, kennysheep_decorative_pillar, uniq_ijyb
D:6:      layout_loops_cross, uniq_maggie
D:7:      layout_rooms, serial_shops, shop
Temple:   dpeg_five_rooms_temple

Skill      XL: |  1  2  3  4  5  6  7  8 |
---------------+-------------------------+-----
Unarmed Combat | 2 3 4 5 |  5.5
Stealth        | 4 5 6 |  6.3
Fighting       | 2 3 4 5 |  5.1
Armour         | 1 2 3 4 |  4.1
Dodging        | 1 2 3 4 |  4.0
Spellcasting   | 2 3 |  3.3
Short Blades   | |  0.1
Shields        | |  1.1
Translocations | |  1.1
Fire Magic     | |  1.7

Action                   |  1- 3 |  4- 6 |  7- 9 || total
-------------------------+-------+-------+-------++-------
Melee: Dagger            |   155 |    97 |    19 ||   271
       Mace              |       |    23 |       ||    23
       Punch             |       |     2 |     6 ||     8
       Unarmed           |       |   141 |   205 ||   346
 Abil: Heal Wounds       |     3 |    12 |    12 ||    27
Evoke: Wand              |       |       |     5 ||     5
  Use: Scroll            |       |       |     7 ||     7
 Stab: Sleeping          |     6 |     2 |       ||     8
Armor: Robe              |    38 |       |       ||    38
       Leather armour    |       |    63 |    37 ||   100
Dodge: Dodged            |    88 |   108 |   127 ||   323

Table legend: (Time is in decaauts)
 A = Elapsed time spent in this place.
 B = Non-inter-level travel time spent in this place.
 C = Inter-level travel time spent in this place.
 D = Time resting spent in this place.
 E = Time spent auto-exploring this place.
 F = Levels seen in this place.
 G = Mean time per level.
                   A        B        C        D        E       F      G
               +--------+--------+--------+--------+--------+-----+--------+
         Total |   5429 |   5111 |    318 |    522 |   2967 |   8 |  678.6 |
       Dungeon |   5154 |   4919 |    235 |    522 |   2781 |   7 |  736.3 |
        Temple |    274 |    191 |     83 |      0 |    186 |   1 |  274.0 |
               +--------+--------+--------+--------+--------+-----+--------+

Top non-repeatable levels by time:
     D:4: 1052 daAuts
     D:3: 901 daAuts
     D:1: 899 daAuts
     D:5: 821 daAuts
     D:2: 808 daAuts
     D:6: 620 daAuts
  Temple: 274 daAuts
     D:7: 49 daAuts
